Little Stars vs Monarchs

Created - November 19, 2017 at 19:00

Goals
1 2 3 T
Little Stars 3 0 1 4
Monarchs 1 1 1 3
Shots
1 2 3 T
Little Stars 16 7 7 30
Monarchs 9 14 8 31

1st period

1. Little Stars , Yannick Weber 3 (Mathieu Perreault 8, Phil Oreskovic 14) at 0:53 (PP)
2. Monarchs , Tomas Kubalik 2 (Tom Pyatt 8) at 12:58
3. Little Stars , Dana Tyrell 12 (Shawn Matthias 12, Alex Chiasson 19) at 15:03 (PP)
4. Little Stars , Jesper Fast 9 (Mathieu Perreault 9, Jesse Joensuu 9) at 18:53 (PP)

Penalties :
Johnny Gaudreau (MAN) for Hooking (Minor) at 0:17, Matt Tennyson (MAN) for Tripping (Minor) at 2:46, Kyle Clifford (MAN) for Hooking (Minor) at 13:19, Nikita Kucherov (MAN) for High sticking (Minor) at 17:00, Alex Chiasson (Tex) for Tripping (Minor) at 19:15

2nd period

5. Monarchs , Connor Brown 6 (Kyle Clifford 7, Brandon Gormley 13) at 15:08

Penalties :
Connor Brown (MAN) for Hooking (Minor) at 2:20, Shawn Matthias (Tex) for Holding (Minor) at 7:20, Joe Morrow (MAN) for Slashing (Minor) at 18:31

3rd period

6. Little Stars , Dana Tyrell 13 (Alex Chiasson 20, Shawn Matthias 13) at 8:15
7. Monarchs , Tyler Toffoli 10 (Kyle Clifford 8, Tomas Kubalik 5) at 10:03 (PP)

Penalties :
Jesper Fast (Tex) for Roughing (Double Minor) at 1:21, Mathieu Perreault (Tex) for Interference (Minor) at 8:55, Nikita Kucherov (MAN) for Boarding (Minor) at 16:46

Goalie Stats

Jhonas Enroth (Tex), 28 saves from 31 shots - (0.903), W, 10-3-1, 60:00 minutes
Matt Murray (MAN), 26 saves from 30 shots - (0.867), L, 2-5-0, 60:00 minutes

Players Stats for Little Stars

Player Name              G  A  P  +/- PIM S  H  SB GA TA FO     MP     PP MP  PK MP  
------------------------------------------------------------------------------------
Alex Chiasson            0  2  2   0  2   5  0  0  3  0  1/4    21:57   6:16   3:18 
Alexander Vasyunov       0  0  0   0  0   2  0  2  1  0  0/1     9:53   0:00   2:56 
Andrej Sustr             0  0  0  -1  0   1  0  0  1  0  0/0    19:41   4:20   4:05 
Dana Tyrell              2  0  2   0  0   3  3  1  0  0  14/28  20:04   6:16   1:52 
Daniel Catenacci         0  0  0   0  0   0  0  0  0  0  0/4     6:09   0:00   0:00 
Daniel O'regan           0  0  0  -1  0   0  1  1  0  0  4/4    10:45   0:00   1:56 
Dillon Simpson           0  0  0   0  0   0  0  0  0  0  0/0     0:42   0:00   0:41 
Duncan Siemens           0  0  0   1  0   0  0  0  0  0  0/0     3:43   0:00   0:00 
Jesper Fast              1  0  1   0  4   4  3  1  0  0  0/0    17:06   5:53   0:00 
Jesse Joensuu            0  1  1   0  0   2  2  0  1  0  0/0    18:52   5:53   1:45 
Mathieu Perreault        0  2  2   0  2   2  3  0  0  1  7/14   17:05   5:53   0:00 
Michael Mersch           0  0  0   0  0   0  0  0  0  0  0/1     3:11   0:00   2:32 
Nail Yakupov             0  0  0  -1  0   0  0  0  0  1  0/0     8:11   0:00   0:00 
Niklas Hjalmarsson       0  0  0   0  0   2  1  1  0  0  0/0    27:40   7:49   4:19 
Phil Oreskovic           0  1  1   0  0   2  4  1  1  1  0/0    27:40   7:49   4:19 
Reece Willcox            0  0  0   0  0   0  0  0  0  0  0/0     0:00   0:00   0:00 
Robert Klinkhammer       0  0  0  -1  0   1  1  2  1  0  0/0     8:50   0:00   0:00 
Scott Harrington         0  0  0   1  0   1  0  0  0  0  0/0     3:43   0:00   0:00 
Scott Kosmachuck         0  0  0   0  0   0  1  0  0  0  0/0     6:09   0:00   0:00 
Shawn Matthias           0  2  2   0  2   1  3  0  0  0  1/1    22:39   6:16   3:51 
Tyler Wotherspoon        0  0  0  -1  0   1  0  0  0  0  0/0     8:14   0:00   0:00 
Tyson Barrie             0  0  0  -1  0   0  0  2  1  0  0/0     8:14   0:00   0:00 
Ville Pokka              0  0  0   0  0   0  0  0  0  0  0/0     0:42   0:00   0:41 
Yannick Weber            1  0  1  -1  0   3  1  1  1  1  0/0    19:41   4:20   4:05 

Players Stats for Monarchs

Player Name              G  A  P  +/- PIM S  H  SB GA TA FO     MP     PP MP  PK MP  
------------------------------------------------------------------------------------
Brandon Gormley          0  1  1   0  0   3  0  3  0  0  0/0    20:11   4:44   0:37 
Bryan Rust               0  0  0   0  0   1  1  1  0  2  0/0    14:50   0:56   7:00 
Chris Tierney            0  0  0   1  0   0  0  0  0  0  2/11   16:19   4:00   0:58 
Colton Sissons           0  0  0   0  0   0  0  0  0  1  1/2     6:12   0:26   0:00 
Connor Brown             1  0  1   1  2   4  2  1  1  0  0/0    14:55   4:04   0:00 
Igor Makarov             0  0  0   0  0   0  0  0  0  0  0/0     0:14   0:14   0:00 
Joe Morrow               0  0  0   0  2   0  0  0  0  0  0/0    11:55   0:30   0:32 
Johnny Gaudreau          0  0  0  -1  2   5  1  2  1  1  5/7    16:39   4:05   0:58 
Jordie Benn              0  0  0   0  0   3  1  1  0  0  0/0    16:16   0:00   7:17 
Kyle Clifford            0  2  2   1  2   3  2  1  0  1  2/2    14:43   3:58   0:00 
Matt Irwin               0  0  0   1  0   1  0  1  1  1  0/0    24:57   4:38   4:48 
Matt Tennyson            0  0  0   1  2   0  1  2  1  2  0/0    23:23   3:51   6:16 
Nikita Kucherov          0  0  0  -1  4   3  2  0  0  0  1/1    15:41   4:06   0:00 
Olli Maatta              0  0  0   0  0   0  1  1  0  1  0/0    20:21   0:36   4:48 
Patrick Maroon           0  0  0   0  0   1  1  0  0  0  0/0    10:50   0:34   4:11 
Riley Cote               0  0  0   1  0   2  2  1  0  0  6/11   18:20   0:53   7:00 
Tom Pyatt                0  1  1   1  0   1  3  0  0  1  10/13  13:40   0:00   4:11 
Tomas Kubalik            1  1  2   1  0   3  0  0  0  0  0/0    13:15   3:51   0:00 
Tyler Toffoli            1  0  1  -1  0   1  1  1  0  0  3/10   15:03   3:59   0:00 

3 Stars

1 - Dana Tyrell (Tex)
2 - Tomas Kubalik (MAN)
3 - Connor Brown (MAN)

Power Play

Little Stars - 3 on 7 Attempt(s) - 42.86%
Monarchs - 1 on 5 Attempt(s) - 20.00%

Penalty Kill

Little Stars - 4 on 5 Attempt(s) - 80.00% - Score 0 goal in Penalty Kill
Monarchs - 4 on 7 Attempt(s) - 57.14% - Score 0 goal in Penalty Kill

Team Stat

Little Stars - Hits : 23 - Faceoff Wins : 27 - Blocked Shots : 12 - Penalty Minutes : 10
Monarchs - Hits : 18 - Faceoff Wins : 30 - Blocked Shots : 15 - Penalty Minutes : 14

Official

Referees : Marouelli Dan and Rehman Kyle
Linesman : Jean Morin and Shane Heyer

Game Notes

No Game Note

Finance

Level 1 -- Attendance: 1445 (72.25%) -- Ticket Income $57,800
Level 2 -- Attendance: 783 (78.30%) -- Ticket Income $15,660
Total Attendance: 2228 (74.27%)
Total Ticket Income: $73,460
Other Income: $3,673
Total Income: $77,133

Little Stars

5 vs 5 Forward 
   Center                   Left Wing                Right Wing               Time % Phy DF OF 
 1 Dana Tyrell              Shawn Matthias           Alex Chiasson            40     1   2  2  
 2 Mathieu Perreault        Jesse Joensuu            Jesper Fast              30     1   2  2  
 3 Daniel O'regan           Robert Klinkhammer       Nail Yakupov             20     1   2  2  
 4 Daniel Catenacci         Alexander Vasyunov       Scott Kosmachuck         10     1   2  2  

5 vs 5 Defense 
   Defense                  Defense                                           Time % Phy DF OF 
 1 Niklas Hjalmarsson       Phil Oreskovic                                    40     1   2  2  
 2 Andrej Sustr             Yannick Weber                                     30     1   2  2  
 3 Tyson Barrie             Tyler Wotherspoon                                 20     1   2  2  
 4 Scott Harrington         Duncan Siemens                                    10     1   2  2  

PowerPlay Forward 
   Center                   Left Wing                Right Wing               Time % Phy DF OF 
 1 Dana Tyrell              Shawn Matthias           Alex Chiasson            60     1   2  2  
 2 Mathieu Perreault        Jesse Joensuu            Jesper Fast              40     1   2  2  

PowerPlay Defense
   Defense                  Defense                                           Time % Phy DF OF 
 1 Niklas Hjalmarsson       Phil Oreskovic                                    60     1   2  2  
 2 Andrej Sustr             Yannick Weber                                     40     1   2  2  

Penalty Kill 4 Players Forward 
   Center                   Wing                     Time % Phy DF OF 
 1 Alex Chiasson            Shawn Matthias           60     1   2  2  
 2 Dana Tyrell              Jesse Joensuu            40     1   2  2  

Penalty Kill 4 Players Defense
   Defense                  Defense                  Time % Phy DF OF 
 1 Niklas Hjalmarsson       Phil Oreskovic           60     1   2  2  
 2 Andrej Sustr             Yannick Weber            40     1   2  2  

Penalty Kill - 3 Players Forward 
   Forward                                           Time % Phy DF OF 
 1 Alex Chiasson                                     60     1   2  2  
 2 Shawn Matthias                                    40     1   2  2  

Penalty Kill - 3 Players Defense
   Defense                  Defense                  Time % Phy DF OF 
 1 Niklas Hjalmarsson       Phil Oreskovic           60     1   2  2  
 2 Andrej Sustr             Yannick Weber            40     1   2  2  

4 vs 4 Forward 
   Center                   Wing                     Time % Phy DF OF 
 1 Alex Chiasson            Shawn Matthias           60     1   2  2  
 2 Dana Tyrell              Jesse Joensuu            40     1   2  2  

4 vs 4 Defense
   Defense                  Defense                  Time % Phy DF OF 
 1 Niklas Hjalmarsson       Phil Oreskovic           60     1   2  2  
 2 Andrej Sustr             Yannick Weber            40     1   2  2  

Last Minutes Offensive
   Center                   Left Wing                Right Wing               Defense                  Defense                  
   Dana Tyrell              Shawn Matthias           Alex Chiasson            Niklas Hjalmarsson       Phil Oreskovic           

Last Minutes Defensive
   Center                   Left Wing                Right Wing               Defense                  Defense                  
   Dana Tyrell              Shawn Matthias           Alex Chiasson            Niklas Hjalmarsson       Phil Oreskovic           

Goaltenders
Starting : Jhonas Enroth            
Backup : Peter Delmas             

Extra Forwards
Normal : Michael Mersch, Robert Klinkhammer, Alexander Vasyunov - PP : Michael Mersch, Robert Klinkhammer - PK : Alexander Vasyunov
Extra Defensemen
Normal : Reece Willcox, Ville Pokka, Dillon Simpson - PP : Reece Willcox - PK : Ville Pokka, Dillon Simpson
Penalty Shots
Alex Chiasson, Shawn Matthias, Dana Tyrell, Jesse Joensuu, Mathieu Perreault

Scratches
Hugh Jessiman (Strained Left Knee Injury), Alexander Khokhlachev (Healthy), Anthony Camara (Healthy), Brian Flynn (Right Leg Injury), Laurent Brossoit (Healthy)
Anthony Stolarz (Healthy)

Monarchs

5 vs 5 Forward 
   Center                   Left Wing                Right Wing               Time % Phy DF OF 
 1 Tyler Toffoli            Johnny Gaudreau          Nikita Kucherov          35     1   1  3  
 2 Chris Tierney            Kyle Clifford            Connor Brown             35     1   1  3  
 3 Tom Pyatt                Riley Cote               Tomas Kubalik            25     1   1  3  
 4 Colton Sissons           Patrick Maroon           Bryan Rust               5      1   2  2  

5 vs 5 Defense 
   Defense                  Defense                                           Time % Phy DF OF 
 1 Matt Irwin               Matt Tennyson                                     40     0   3  2  
 2 Olli Maatta              Brandon Gormley                                   40     1   3  1  
 3 Jordie Benn              Joe Morrow                                        20     1   3  1  
 4 Brandon Gormley          Joe Morrow                                        0      1   2  2  

PowerPlay Forward 
   Center                   Left Wing                Right Wing               Time % Phy DF OF 
 1 Johnny Gaudreau          Nikita Kucherov          Connor Brown             60     0   1  4  
 2 Chris Tierney            Tyler Toffoli            Kyle Clifford            40     0   1  4  

PowerPlay Defense
   Defense                  Defense                                           Time % Phy DF OF 
 1 Matt Irwin               Brandon Gormley                                   60     0   2  3  
 2 Tomas Kubalik            Matt Tennyson                                     40     0   2  3  

Penalty Kill 4 Players Forward 
   Center                   Wing                     Time % Phy DF OF 
 1 Riley Cote               Bryan Rust               60     0   4  1  
 2 Tom Pyatt                Patrick Maroon           40     0   4  1  

Penalty Kill 4 Players Defense
   Defense                  Defense                  Time % Phy DF OF 
 1 Jordie Benn              Matt Tennyson            60     1   4  0  
 2 Olli Maatta              Matt Irwin               40     1   4  0  

Penalty Kill - 3 Players Forward 
   Forward                                           Time % Phy DF OF 
 1 Riley Cote                                        60     1   2  2  
 2 Bryan Rust                                        40     1   2  2  

Penalty Kill - 3 Players Defense
   Defense                  Defense                  Time % Phy DF OF 
 1 Matt Irwin               Jordie Benn              60     1   2  2  
 2 Matt Tennyson            Olli Maatta              40     1   2  2  

4 vs 4 Forward 
   Center                   Wing                     Time % Phy DF OF 
 1 Tyler Toffoli            Kyle Clifford            60     1   2  2  
 2 Connor Brown             Nikita Kucherov          40     1   2  2  

4 vs 4 Defense
   Defense                  Defense                  Time % Phy DF OF 
 1 Brandon Gormley          Matt Tennyson            60     1   2  2  
 2 Matt Irwin               Joe Morrow               40     1   2  2  

Last Minutes Offensive
   Center                   Left Wing                Right Wing               Defense                  Defense                  
   Tyler Toffoli            Johnny Gaudreau          Nikita Kucherov          Brandon Gormley          Matt Irwin               

Last Minutes Defensive
   Center                   Left Wing                Right Wing               Defense                  Defense                  
   Chris Tierney            Riley Cote               Bryan Rust               Jordie Benn              Matt Tennyson            

Goaltenders
Starting : Matt Murray              
Backup : Niklas Backstrom         

Extra Forwards
Normal : Nikita Kucherov, Connor Brown, Chris Tierney - PP : Riley Cote, Tomas Kubalik - PK : Chris Tierney
Extra Defensemen
Normal : Matt Irwin, Brandon Gormley, Matt Tennyson - PP : Joe Morrow - PK : Brandon Gormley, Joe Morrow
Penalty Shots
Nikita Kucherov, Riley Cote, Johnny Gaudreau, Igor Makarov, Tyler Toffoli

Scratches
Philip Varone (Healthy), Christophe Lalancette (Healthy), Jeff Skinner (Suspend), Derek Forbort (Healthy), Vojtech Polak (Healthy)
Jamie McGinn (Healthy), Tyler McNeely (Healthy), Ryan White (Healthy), Trevor Lewis (Healthy), Anthony Peluso (Healthy)
Jake Muzzin (Healthy), Eric Gustafsson (Healthy), Darcy Kuemper (Healthy), Jeff Frazee (Healthy)

% Time on Ice - Little Stars

Lines # - Real PCT - Wanted PCT - Time Play
Normal Forward
1 - 33% - 40% - 12:33
2 - 29% - 30% - 11:14
3 - 21% - 20% - 8:11
4 - 16% - 10% - 6:09
Normal Defense
1 - 39% - 40% - 14:54
2 - 30% - 30% - 11:16
3 - 22% - 20% - 8:14
4 - 10% - 10% - 3:43
PP Forward
1 - 52% - 60% - 6:16
2 - 48% - 40% - 5:53
PP Defense
1 - 64% - 60% - 7:49
2 - 36% - 40% - 4:20
PK Forward
1 - 79% - 60% - 7:13
2 - 21% - 40% - 1:52
PK Defense
1 - 49% - 60% - 4:29
2 - 51% - 40% - 4:36
PK3 Forward
1 - 0% - 60%
2 - 0% - 40%
PK3 Defense
1 - 0% - 60%
2 - 0% - 40%
44 Forward
1 - 0% - 60%
2 - 0% - 40%
44 Defense
1 - 0% - 60%
2 - 0% - 40%
Last Minute Offensive  - 0:00
Last Minute Defensive  - 0:39
Total
Forward - 60:00
Defense - 60:00

% Time on Ice - Monarchs

Lines # - Real PCT - Wanted PCT - Time Play
Normal Forward
1 - 32% - 35% - 12:06
2 - 29% - 35% - 10:56
3 - 24% - 25% - 9:19
4 - 15% - 5% - 5:46
Normal Defense
1 - 37% - 40% - 14:10
2 - 38% - 40% - 14:36
3 - 24% - 20% - 8:59
4 - 1% - 0% - 0:22
PP Forward
1 - 51% - 60% - 4:36
2 - 49% - 40% - 4:29
PP Defense
1 - 58% - 60% - 5:14
2 - 42% - 40% - 3:51
PK Forward
1 - 66% - 60% - 7:58
2 - 34% - 40% - 4:11
PK Defense
1 - 60% - 60% - 7:21
2 - 40% - 40% - 4:48
PK3 Forward
1 - 0% - 60%
2 - 0% - 40%
PK3 Defense
1 - 0% - 60%
2 - 0% - 40%
44 Forward
1 - 0% - 60%
2 - 0% - 40%
44 Defense
1 - 0% - 60%
2 - 0% - 40%
Last Minute Offensive  - 0:39
Last Minute Defensive  - 0:00
Total
Forward - 60:00
Defense - 60:00

Play by Play

1st period


0:01 of 1st period - Dana Tyrell wins face-off versus Tyler Toffoli in neutral zone.
0:08 of 1st period - Slapshot by Nikita Kucherov.
0:08 of 1st period - Stopped by Jhonas Enroth with a rebound.
0:17 of 1st period - Minor Penalty to Johnny Gaudreau for Hooking.
0:18 of 1st period - Dana Tyrell wins face-off versus Riley Cote in Monarchs zone.
0:53 of 1st period - Slapshot by Yannick Weber.
0:53 of 1st period - Goal by Yannick Weber - Little Stars : 1 - Monarchs : 0.
0:54 of 1st period - Chris Tierney wins face-off versus Mathieu Perreault in neutral zone.
1:07 of 1st period - Wrist shot by Kyle Clifford.
1:07 of 1st period - Deflect By Chris Tierney.
1:07 of 1st period - Shot Blocked by Jesper Fast.
1:07 of 1st period - Puck is out of play.
1:08 of 1st period - Daniel O'regan wins face-off versus Tom Pyatt in Little Stars zone.
1:08 of 1st period - Daniel O'regan is hit by Tom Pyatt.
1:21 of 1st period - Off-side.
1:22 of 1st period - Kyle Clifford wins face-off versus Dana Tyrell in neutral zone.
1:25 of 1st period - Slapshot by Brandon Gormley.
1:25 of 1st period - Stopped by Jhonas Enroth without a rebound.
1:26 of 1st period - Dana Tyrell wins face-off versus Chris Tierney in Little Stars zone.
1:41 of 1st period - Snap shot by Alex Chiasson.
1:41 of 1st period - Stopped by Matt Murray with a rebound.
1:59 of 1st period - Snap shot by Johnny Gaudreau.
1:59 of 1st period - Stopped by Jhonas Enroth with a rebound.
2:01 of 1st period - Wrist shot by Tyler Toffoli.
2:01 of 1st period - Shot Misses the Net.
2:19 of 1st period - Snap shot by Mathieu Perreault.
2:19 of 1st period - Deflect By Jesse Joensuu.
2:19 of 1st period - Stopped by Matt Murray without a rebound.
2:20 of 1st period - Tom Pyatt wins face-off versus Dana Tyrell in Monarchs zone.
2:20 of 1st period - Tom Pyatt is hit by Yannick Weber.
2:46 of 1st period - Minor Penalty to Matt Tennyson for Tripping.
2:47 of 1st period - Riley Cote wins face-off versus Dana Tyrell in Monarchs zone.
2:56 of 1st period - Snap shot by Riley Cote.
2:56 of 1st period - Shot Misses the Net.
4:46 of 1st period - Penalty to Matt Tennyson is over, Matt Tennyson is back on ice.
5:01 of 1st period - Wrist shot by Johnny Gaudreau.
5:01 of 1st period - Shot Blocked by Robert Klinkhammer.
5:23 of 1st period - Snap shot by Kyle Clifford.
5:23 of 1st period - Stopped by Jhonas Enroth with a rebound.
5:27 of 1st period - Snap shot by Kyle Clifford.
5:27 of 1st period - Stopped by Jhonas Enroth without a rebound.
5:28 of 1st period - Daniel O'regan wins face-off versus Chris Tierney in Little Stars zone.
5:33 of 1st period - Snap shot by Yannick Weber.
5:33 of 1st period - Shot Misses the Net.
5:35 of 1st period - Slapshot by Andrej Sustr.
5:35 of 1st period - Stopped by Matt Murray with a rebound.
5:53 of 1st period - Andrej Sustr is hit by Nikita Kucherov and loses puck.
6:17 of 1st period - Duncan Siemens is hit by Riley Cote and loses puck.
6:46 of 1st period - Snap shot by Alex Chiasson.
6:46 of 1st period - Shot Blocked by Olli Maatta.
6:48 of 1st period - Snap shot by Shawn Matthias.
6:48 of 1st period - Stopped by Matt Murray with a rebound.
6:50 of 1st period - Slapshot by Scott Harrington.
6:50 of 1st period - Stopped by Matt Murray with a rebound.
6:52 of 1st period - Wrist shot by Shawn Matthias.
6:52 of 1st period - Shot Misses the Net.
7:08 of 1st period - Olli Maatta is hit by Daniel O'regan and loses puck.
7:45 of 1st period - Mathieu Perreault is hit by Tom Pyatt and loses puck.
8:21 of 1st period - Niklas Hjalmarsson is hit by Matt Tennyson and loses puck.
9:04 of 1st period - Mathieu Perreault is hit by Tom Pyatt and loses puck.
9:25 of 1st period - Off-side.
9:26 of 1st period - Tyler Toffoli wins face-off versus Daniel Catenacci in neutral zone.
9:31 of 1st period - Wrist shot by Nikita Kucherov.
9:31 of 1st period - Stopped by Jhonas Enroth without a rebound.
9:32 of 1st period - Dana Tyrell wins face-off versus Tyler Toffoli in Little Stars zone.
9:54 of 1st period - Icing by Shawn Matthias.
9:55 of 1st period - Dana Tyrell wins face-off versus Chris Tierney in Little Stars zone.
11:02 of 1st period - Wrist shot by Bryan Rust.
11:02 of 1st period - Shot Misses the Net.
11:04 of 1st period - Slapshot by Brandon Gormley.
11:04 of 1st period - Stopped by Jhonas Enroth without a rebound.
11:05 of 1st period - Mathieu Perreault wins face-off versus Colton Sissons in Little Stars zone.
11:24 of 1st period - Snap shot by Jesper Fast.
11:24 of 1st period - Stopped by Matt Murray with a rebound.
11:26 of 1st period - Slapshot by Tyler Wotherspoon.
11:26 of 1st period - Stopped by Matt Murray without a rebound.
11:27 of 1st period - Alex Chiasson wins face-off versus Chris Tierney in Monarchs zone.
12:00 of 1st period - Slapshot by Jesse Joensuu.
12:00 of 1st period - Shot Hit the Post.
12:02 of 1st period - Snap shot by Jesper Fast.
12:02 of 1st period - Stopped by Matt Murray without a rebound.
12:03 of 1st period - Dana Tyrell wins face-off versus Tyler Toffoli in Monarchs zone.
12:06 of 1st period - Slapshot by Dana Tyrell.
12:06 of 1st period - Stopped by Matt Murray with a rebound.
12:28 of 1st period - Olli Maatta is hit by Jesper Fast and loses puck.
12:49 of 1st period - Robert Klinkhammer is hit by Riley Cote and loses puck.
12:56 of 1st period - Snap shot by Tomas Kubalik.
12:56 of 1st period - Shot Blocked by Tyson Barrie.
12:58 of 1st period - Slapshot by Tomas Kubalik.
12:58 of 1st period - Goal by Tomas Kubalik - Little Stars : 1 - Monarchs : 1.
12:59 of 1st period - Dana Tyrell wins face-off versus Johnny Gaudreau in neutral zone.
13:12 of 1st period - Snap shot by Alex Chiasson.
13:12 of 1st period - Shot Misses the Net.
13:14 of 1st period - Slapshot by Phil Oreskovic.
13:14 of 1st period - Deflect By Alex Chiasson.
13:14 of 1st period - Stopped by Matt Murray without a rebound.
13:15 of 1st period - Mathieu Perreault wins face-off versus Chris Tierney in Monarchs zone.
13:19 of 1st period - Minor Penalty to Kyle Clifford for Hooking.
13:20 of 1st period - Riley Cote wins face-off versus Dana Tyrell in Monarchs zone.
13:28 of 1st period - Bryan Rust is hit by Shawn Matthias and loses puck.
14:02 of 1st period - Icing by Phil Oreskovic.
14:03 of 1st period - Tom Pyatt wins face-off versus Mathieu Perreault in Little Stars zone.
14:08 of 1st period - Slapshot by Matt Irwin.
14:08 of 1st period - Stopped by Jhonas Enroth with a rebound.
14:40 of 1st period - Slapshot by Mathieu Perreault.
14:40 of 1st period - Stopped by Matt Murray with a rebound.
14:51 of 1st period - Slapshot by Mathieu Perreault.
14:51 of 1st period - Deflect By Tom Pyatt.
14:51 of 1st period - Stopped by Matt Murray without a rebound.
14:52 of 1st period - Dana Tyrell wins face-off versus Riley Cote in Monarchs zone.
14:53 of 1st period - Snap shot by Alex Chiasson.
14:53 of 1st period - Shot Misses the Net.
14:59 of 1st period - Snap shot by Dana Tyrell.
14:59 of 1st period - Shot Blocked by Bryan Rust.
15:01 of 1st period - Wrist shot by Shawn Matthias.
15:01 of 1st period - Shot Blocked by Matt Tennyson.
15:03 of 1st period - Wrist shot by Dana Tyrell.
15:03 of 1st period - Goal by Dana Tyrell - Little Stars : 2 - Monarchs : 1.
15:04 of 1st period - Dana Tyrell wins face-off versus Chris Tierney in neutral zone.
15:19 of 1st period - Snap shot by Connor Brown.
15:19 of 1st period - Shot Blocked by Dana Tyrell.
15:57 of 1st period - Wrist shot by Tomas Kubalik.
15:57 of 1st period - Shot Misses the Net.
17:00 of 1st period - Minor Penalty to Nikita Kucherov for High sticking.
17:01 of 1st period - Riley Cote wins face-off versus Dana Tyrell in Monarchs zone.
17:10 of 1st period - Jordie Benn is hit by Phil Oreskovic and loses puck.
18:08 of 1st period - Off-side.
18:09 of 1st period - Mathieu Perreault wins face-off versus Tom Pyatt in neutral zone.
18:12 of 1st period - Tom Pyatt is hit by Mathieu Perreault and loses puck.
18:39 of 1st period - Slapshot by Niklas Hjalmarsson.
18:39 of 1st period - Stopped by Matt Murray without a rebound.
18:40 of 1st period - Mathieu Perreault wins face-off versus Riley Cote in Monarchs zone.
18:53 of 1st period - Backhand shot by Jesper Fast.
18:53 of 1st period - Goal by Jesper Fast - Little Stars : 3 - Monarchs : 1.
18:54 of 1st period - Johnny Gaudreau wins face-off versus Dana Tyrell in neutral zone.
19:15 of 1st period - Minor Penalty to Alex Chiasson for Tripping.
19:16 of 1st period - Shawn Matthias wins face-off versus Johnny Gaudreau in Little Stars zone.
Goals for this period are 3 for Little Stars vs 1 for Monarchs .
Shots for this period are 16 for Little Stars vs 9 for Monarchs .

2nd period


0:01 of 2nd period - Johnny Gaudreau wins face-off versus Alexander Vasyunov in neutral zone.
0:06 of 2nd period - Slapshot by Johnny Gaudreau.
0:06 of 2nd period - Stopped by Jhonas Enroth with a rebound.
0:12 of 2nd period - Snap shot by Johnny Gaudreau.
0:12 of 2nd period - Shot Misses the Net.
0:14 of 2nd period - Snap shot by Matt Irwin.
0:14 of 2nd period - Shot Blocked by Phil Oreskovic.
1:15 of 2nd period - Penalty to Alex Chiasson is over, Alex Chiasson is back on ice.
1:43 of 2nd period - Snap shot by Phil Oreskovic.
1:43 of 2nd period - Stopped by Matt Murray without a rebound.
1:44 of 2nd period - Mathieu Perreault wins face-off versus Tom Pyatt in Monarchs zone.
1:51 of 2nd period - Snap shot by Jesse Joensuu.
1:51 of 2nd period - Shot Misses the Net.
2:04 of 2nd period - Icing by Mathieu Perreault.
2:05 of 2nd period - Kyle Clifford wins face-off versus Daniel Catenacci in Little Stars zone.
2:18 of 2nd period - Backhand shot by Tyson Barrie.
2:18 of 2nd period - Deflect By Alexander Vasyunov.
2:18 of 2nd period - Stopped by Matt Murray with a rebound.
2:20 of 2nd period - Minor Penalty to Connor Brown for Hooking.
2:21 of 2nd period - Riley Cote wins face-off versus Dana Tyrell in Monarchs zone.
2:50 of 2nd period - Snap shot by Phil Oreskovic.
2:50 of 2nd period - Stopped by Matt Murray without a rebound.
2:51 of 2nd period - Mathieu Perreault wins face-off versus Riley Cote in Monarchs zone.
3:58 of 2nd period - Alex Chiasson is hit by Jordie Benn and loses puck.
4:20 of 2nd period - Penalty to Connor Brown is over, Connor Brown is back on ice.
4:22 of 2nd period - Matt Irwin is hit by Jesper Fast and loses puck.
4:33 of 2nd period - Andrej Sustr is hit by Nikita Kucherov and loses puck.
5:08 of 2nd period - Snap shot by Tomas Kubalik.
5:08 of 2nd period - Stopped by Jhonas Enroth with a rebound.
5:18 of 2nd period - Andrej Sustr is hit by Bryan Rust and loses puck.
5:47 of 2nd period - Off-side.
5:48 of 2nd period - Dana Tyrell wins face-off versus Chris Tierney in neutral zone.
5:56 of 2nd period - Dana Tyrell is hit by Connor Brown and loses puck.
6:13 of 2nd period - Tyler Toffoli is hit by Mathieu Perreault and loses puck.
6:43 of 2nd period - Slapshot by Riley Cote.
6:43 of 2nd period - Stopped by Jhonas Enroth with a rebound.
6:45 of 2nd period - Snap shot by Tom Pyatt.
6:45 of 2nd period - Shot Misses the Net.
7:03 of 2nd period - Snap shot by Kyle Clifford.
7:03 of 2nd period - Shot Blocked by Daniel O'regan.
7:05 of 2nd period - Slapshot by Kyle Clifford.
7:05 of 2nd period - Deflect By Connor Brown.
7:05 of 2nd period - Stopped by Jhonas Enroth without a rebound.
7:06 of 2nd period - Tyler Toffoli wins face-off versus Dana Tyrell in Little Stars zone.
7:17 of 2nd period - Snap shot by Johnny Gaudreau.
7:17 of 2nd period - Stopped by Jhonas Enroth without a rebound.
7:18 of 2nd period - Dana Tyrell wins face-off versus Chris Tierney in Little Stars zone.
7:20 of 2nd period - Minor Penalty to Shawn Matthias for Holding.
7:21 of 2nd period - Johnny Gaudreau wins face-off versus Alex Chiasson in Little Stars zone.
7:29 of 2nd period - Snap shot by Nikita Kucherov.
7:29 of 2nd period - Shot Misses the Net.
7:35 of 2nd period - Snap shot by Connor Brown.
7:35 of 2nd period - Stopped by Jhonas Enroth with a rebound.
9:15 of 2nd period - Andrej Sustr is hit by Patrick Maroon and loses puck.
9:20 of 2nd period - Penalty to Shawn Matthias is over, Shawn Matthias is back on ice.
9:20 of 2nd period - Snap shot by Riley Cote.
9:20 of 2nd period - Shot Blocked by Alexander Vasyunov.
9:22 of 2nd period - Snap shot by Bryan Rust.
9:22 of 2nd period - Stopped by Jhonas Enroth with a rebound.
9:24 of 2nd period - Slapshot by Jordie Benn.
9:24 of 2nd period - Stopped by Jhonas Enroth with a rebound.
9:26 of 2nd period - Slapshot by Joe Morrow.
9:26 of 2nd period - Shot Blocked by Alexander Vasyunov.
9:28 of 2nd period - Slapshot by Jordie Benn.
9:28 of 2nd period - Deflect By Riley Cote.
9:28 of 2nd period - Shot Misses the Net.
9:28 of 2nd period - Puck is out of play.
9:29 of 2nd period - Tom Pyatt wins face-off versus Mathieu Perreault in Little Stars zone.
9:30 of 2nd period - Snap shot by Tomas Kubalik.
9:30 of 2nd period - Stopped by Jhonas Enroth with a rebound.
9:36 of 2nd period - Snap shot by Jesse Joensuu.
9:36 of 2nd period - Shot Blocked by Riley Cote.
10:03 of 2nd period - Slapshot by Matt Irwin.
10:03 of 2nd period - Shot Blocked by Tyson Barrie.
10:42 of 2nd period - Olli Maatta is hit by Scott Kosmachuck and loses puck.
11:07 of 2nd period - Jesper Fast is hit by Olli Maatta and loses puck.
11:22 of 2nd period - Snap shot by Patrick Maroon.
11:22 of 2nd period - Shot Misses the Net.
12:40 of 2nd period - Backhand shot by Alex Chiasson.
12:40 of 2nd period - Shot Misses the Net.
13:01 of 2nd period - Off-side.
13:02 of 2nd period - Tom Pyatt wins face-off versus Mathieu Perreault in neutral zone.
13:52 of 2nd period - Backhand shot by Niklas Hjalmarsson.
13:52 of 2nd period - Shot Blocked by Johnny Gaudreau.
13:58 of 2nd period - Slapshot by Robert Klinkhammer.
13:58 of 2nd period - Stopped by Matt Murray with a rebound.
14:29 of 2nd period - Wrist shot by Riley Cote.
14:29 of 2nd period - Stopped by Jhonas Enroth without a rebound.
14:30 of 2nd period - Tom Pyatt wins face-off versus Daniel Catenacci in Little Stars zone.
14:41 of 2nd period - Snap shot by Riley Cote.
14:41 of 2nd period - Deflect By Tom Pyatt.
14:41 of 2nd period - Stopped by Jhonas Enroth with a rebound.
15:08 of 2nd period - Snap shot by Kyle Clifford.
15:08 of 2nd period - Deflect By Connor Brown.
15:08 of 2nd period - Goal by Connor Brown - Little Stars : 3 - Monarchs : 2.
15:09 of 2nd period - Dana Tyrell wins face-off versus Tyler Toffoli in neutral zone.
16:15 of 2nd period - Slapshot by Niklas Hjalmarsson.
16:15 of 2nd period - Stopped by Matt Murray with a rebound.
16:32 of 2nd period - Snap shot by Patrick Maroon.
16:32 of 2nd period - Shot Blocked by Niklas Hjalmarsson.
16:46 of 2nd period - Patrick Maroon is hit by Phil Oreskovic and loses puck.
17:21 of 2nd period - Snap shot by Riley Cote.
17:21 of 2nd period - Shot Hit the Post.
17:45 of 2nd period - Backhand shot by Alexander Vasyunov.
17:45 of 2nd period - Shot Blocked by Brandon Gormley.
17:47 of 2nd period - Snap shot by Alexander Vasyunov.
17:47 of 2nd period - Shot Blocked by Johnny Gaudreau.
17:49 of 2nd period - Snap shot by Yannick Weber.
17:49 of 2nd period - Shot Blocked by Brandon Gormley.
17:51 of 2nd period - Slapshot by Daniel Catenacci.
17:51 of 2nd period - Shot Misses the Net.
18:07 of 2nd period - Snap shot by Kyle Clifford.
18:07 of 2nd period - Stopped by Jhonas Enroth with a rebound.
18:09 of 2nd period - Slapshot by Connor Brown.
18:09 of 2nd period - Stopped by Jhonas Enroth without a rebound.
18:10 of 2nd period - Tom Pyatt wins face-off versus Mathieu Perreault in Little Stars zone.
18:25 of 2nd period - Snap shot by Jesper Fast.
18:25 of 2nd period - Stopped by Matt Murray with a rebound.
18:31 of 2nd period - Minor Penalty to Joe Morrow for Slashing.
18:32 of 2nd period - Riley Cote wins face-off versus Dana Tyrell in Monarchs zone.
18:32 of 2nd period - Riley Cote is hit by Dana Tyrell.
18:42 of 2nd period - Snap shot by Niklas Hjalmarsson.
18:42 of 2nd period - Shot Blocked by Matt Tennyson.
19:02 of 2nd period - Matt Irwin is hit by Jesper Fast.
19:05 of 2nd period - Off-side.
19:06 of 2nd period - Tom Pyatt wins face-off versus Mathieu Perreault in neutral zone.
19:09 of 2nd period - Slapshot by Matt Irwin.
19:09 of 2nd period - Shot Misses the Net.
19:46 of 2nd period - Snap shot by Dana Tyrell.
19:46 of 2nd period - Shot Misses the Net.
19:50 of 2nd period - Snap shot by Alex Chiasson.
19:50 of 2nd period - Shot Misses the Net.
19:52 of 2nd period - Wrist shot by Alex Chiasson.
19:52 of 2nd period - Stopped by Matt Murray with a rebound.
19:54 of 2nd period - Wrist shot by Alex Chiasson.
19:54 of 2nd period - Shot Misses the Net.
Goals for this period are 0 for Little Stars vs 1 for Monarchs .
Shots for this period are 7 for Little Stars vs 14 for Monarchs .

3rd period


0:01 of 3rd period - Dana Tyrell wins face-off versus Riley Cote in neutral zone.
0:04 of 3rd period - Matt Tennyson is hit by Phil Oreskovic and loses puck.
0:25 of 3rd period - Bryan Rust is hit by Jesse Joensuu.
0:31 of 3rd period - Penalty to Joe Morrow is over, Joe Morrow is back on ice.
1:05 of 3rd period - Joe Morrow is hit by Mathieu Perreault and loses puck.
1:21 of 3rd period - Double Minor Penalty to Jesper Fast for Roughing.
1:22 of 3rd period - Johnny Gaudreau wins face-off versus Alex Chiasson in Little Stars zone.
1:48 of 3rd period - Yannick Weber is hit by Tyler Toffoli and loses puck.
2:39 of 3rd period - Tomas Kubalik is hit by Dana Tyrell.
3:45 of 3rd period - Snap shot by Riley Cote.
3:45 of 3rd period - Shot Misses the Net.
3:47 of 3rd period - Wrist shot by Patrick Maroon.
3:47 of 3rd period - Stopped by Jhonas Enroth with a rebound.
4:58 of 3rd period - Slapshot by Olli Maatta.
4:58 of 3rd period - Shot Blocked by Yannick Weber.
5:21 of 3rd period - Penalty to Jesper Fast is over, Jesper Fast is back on ice.
5:34 of 3rd period - Bryan Rust is hit by Jesse Joensuu and loses puck.
5:46 of 3rd period - Off-side.
5:47 of 3rd period - Tom Pyatt wins face-off versus Daniel Catenacci in neutral zone.
5:55 of 3rd period - Snap shot by Scott Kosmachuck.
5:55 of 3rd period - Shot Blocked by Jordie Benn.
7:22 of 3rd period - Slapshot by Alexander Vasyunov.
7:22 of 3rd period - Stopped by Matt Murray with a rebound.
8:15 of 3rd period - Slapshot by Dana Tyrell.
8:15 of 3rd period - Goal by Dana Tyrell - Little Stars : 4 - Monarchs : 2.
8:16 of 3rd period - Dana Tyrell wins face-off versus Chris Tierney in neutral zone.
8:16 of 3rd period - Phil Oreskovic is hit by Connor Brown.
8:17 of 3rd period - Off-side.
8:18 of 3rd period - Chris Tierney wins face-off versus Dana Tyrell in neutral zone.
8:35 of 3rd period - Chris Tierney is hit by Shawn Matthias and loses puck.
8:50 of 3rd period - Wrist shot by Nikita Kucherov.
8:50 of 3rd period - Stopped by Jhonas Enroth with a rebound.
8:52 of 3rd period - Slapshot by Brandon Gormley.
8:52 of 3rd period - Stopped by Jhonas Enroth without a rebound.
8:53 of 3rd period - Mathieu Perreault wins face-off versus Tyler Toffoli in Little Stars zone.
8:55 of 3rd period - Minor Penalty to Mathieu Perreault for Interference.
8:56 of 3rd period - Johnny Gaudreau wins face-off versus Alex Chiasson in Little Stars zone.
8:58 of 3rd period - Slapshot by Nikita Kucherov.
8:58 of 3rd period - Shot Misses the Net.
9:00 of 3rd period - Wrist shot by Johnny Gaudreau.
9:00 of 3rd period - Stopped by Jhonas Enroth with a rebound.
9:22 of 3rd period - Brandon Gormley is hit by Phil Oreskovic and loses puck.
9:48 of 3rd period - Alex Chiasson is hit by Kyle Clifford and loses puck.
10:03 of 3rd period - Wrist shot by Tyler Toffoli.
10:03 of 3rd period - Goal by Tyler Toffoli - Little Stars : 4 - Monarchs : 3.
10:04 of 3rd period - Tom Pyatt wins face-off versus Dana Tyrell in neutral zone.
12:04 of 3rd period - Wrist shot by Bryan Rust.
12:04 of 3rd period - Shot Blocked by Robert Klinkhammer.
12:06 of 3rd period - Snap shot by Colton Sissons.
12:06 of 3rd period - Shot Misses the Net.
12:24 of 3rd period - Snap shot by Tyson Barrie.
12:24 of 3rd period - Shot Misses the Net.
12:26 of 3rd period - Wrist shot by Robert Klinkhammer.
12:26 of 3rd period - Shot Blocked by Kyle Clifford.
12:28 of 3rd period - Slapshot by Tyson Barrie.
12:28 of 3rd period - Shot Misses the Net.
12:30 of 3rd period - Backhand shot by Tyson Barrie.
12:30 of 3rd period - Shot Blocked by Connor Brown.
12:32 of 3rd period - Slapshot by Tyler Wotherspoon.
12:32 of 3rd period - Deflect By Robert Klinkhammer.
12:32 of 3rd period - Shot Misses the Net.
12:32 of 3rd period - Puck is out of play.
12:33 of 3rd period - Tyler Toffoli wins face-off versus Dana Tyrell in Monarchs zone.
12:33 of 3rd period - Tyler Toffoli is hit by Dana Tyrell.
14:01 of 3rd period - Wrist shot by Johnny Gaudreau.
14:01 of 3rd period - Stopped by Jhonas Enroth with a rebound.
14:03 of 3rd period - Wrist shot by Jordie Benn.
14:03 of 3rd period - Stopped by Jhonas Enroth with a rebound.
14:19 of 3rd period - Slapshot by Jordie Benn.
14:19 of 3rd period - Stopped by Jhonas Enroth without a rebound.
14:20 of 3rd period - Colton Sissons wins face-off versus Dana Tyrell in Little Stars zone.
14:45 of 3rd period - Jesper Fast is hit by Kyle Clifford and loses puck.
14:54 of 3rd period - Chris Tierney is hit by Niklas Hjalmarsson and loses puck.
15:04 of 3rd period - Icing by Jesper Fast.
15:05 of 3rd period - Tom Pyatt wins face-off versus Mathieu Perreault in Little Stars zone.
15:22 of 3rd period - Snap shot by Mathieu Perreault.
15:22 of 3rd period - Shot Blocked by Matt Irwin.
15:24 of 3rd period - Slapshot by Phil Oreskovic.
15:24 of 3rd period - Deflect By Jesse Joensuu.
15:24 of 3rd period - Stopped by Matt Murray without a rebound.
15:25 of 3rd period - Daniel O'regan wins face-off versus Tyler Toffoli in Monarchs zone.
15:26 of 3rd period - Slapshot by Yannick Weber.
15:26 of 3rd period - Stopped by Matt Murray with a rebound.
15:28 of 3rd period - Wrist shot by Andrej Sustr.
15:28 of 3rd period - Shot Blocked by Tyler Toffoli.
15:30 of 3rd period - Wrist shot by Daniel O'regan.
15:30 of 3rd period - Shot Blocked by Brandon Gormley.
15:32 of 3rd period - Backhand shot by Yannick Weber.
15:32 of 3rd period - Stopped by Matt Murray without a rebound.
15:33 of 3rd period - Daniel O'regan wins face-off versus Tyler Toffoli in Monarchs zone.
15:58 of 3rd period - Slapshot by Yannick Weber.
15:58 of 3rd period - Deflect By Alex Chiasson.
15:58 of 3rd period - Stopped by Matt Murray with a rebound.
16:26 of 3rd period - Snap shot by Jesse Joensuu.
16:26 of 3rd period - Shot Misses the Net.
16:46 of 3rd period - Minor Penalty to Nikita Kucherov for Boarding.
16:47 of 3rd period - Riley Cote wins face-off versus Dana Tyrell in Monarchs zone.
17:35 of 3rd period - Riley Cote is hit by Shawn Matthias and loses puck.
18:46 of 3rd period - Penalty to Nikita Kucherov is over, Nikita Kucherov is back on ice.
18:53 of 3rd period - Alex Chiasson is hit by Johnny Gaudreau and loses puck.
19:20 of 3rd period - Snap shot by Alex Chiasson.
19:20 of 3rd period - Stopped by Matt Murray without a rebound.
19:21 of 3rd period - Craig MacTavish call a timeout for Monarchs .
19:21 of 3rd period - Nikita Kucherov wins face-off versus Michael Mersch in Monarchs zone.
19:40 of 3rd period - Nikita Kucherov is hit by Robert Klinkhammer and loses puck.
Goals for this period are 1 for Little Stars vs 1 for Monarchs .
Shots for this period are 7 for Little Stars vs 8 for Monarchs .